 Dungeon Crawl Stone Soup version 0.21-a0-133-gf55ed5b (webtiles) character file.

19 4thArraOfDagon the Caller (level 2, -1/12 HPs)
             Began as a Felid Summoner on July 17, 2017.
             Was an Initiate of the Shining One.
             Slain by a hobgoblin
             ... wielding a +0 club
              (2 damage)
             ... on level 1 of the Dungeon.
             The game lasted 00:02:24 (634 turns).

4thArraOfDagon the Caller (Felid Summoner)           Turns: 634, Time: 00:02:24

Health: -1/12      AC:  1    Str:  4    XL:     2   Next: 55%
Magic:  6/6        EV: 18    Int: 16    God:    the Shining One [......]
Gold:   37         SH:  0    Dex: 16    Spells: 4/5 levels left
                                        Lives:  0   Deaths: 0

rFire    . . .     SeeInvis +     - Unarmed
rCold    . . .     Gourm    .   (shield unavailable)
rNeg     . . .     Faith    .   (armour unavailable)
rPois    .         Spirit   .   (helmet unavailable)
rElec    .         Reflect  .   (cloak unavailable)
rCorr    .         Harm     .   (gloves unavailable)
MR       .....                  (boots unavailable)
Stlth    +.........             (no amulet)
HPRegen  0.04/turn              (no ring)
MPRegen  0.10/turn              (no ring)

@: glowing, quick
A: no armour, no weapons or thrown items, stealth, claws 1, fangs 3, see
invisible, carnivore 3, speed 1, shaggy fur 1, slow metabolism 1, sharp paws
a: Renounce Religion


You were on level 1 of the Dungeon.
You worshipped the Shining One.
The Shining One was noncommittal.
You were completely stuffed.

You visited 1 branch of the dungeon, and saw 2 of its levels.

You collected 37 gold pieces.

Inventory:

Potions
 c - a potion of berserk rage {unknown}
Books
 a - a book of Callings

   Spells                             Type                      Level
   a - Summon Small Mammal            Summoning                    1
   b - Call Imp                       Summoning                    2
   c - Call Canine Familiar           Summoning                    3
   d - Summon Guardian Golem          Hexes/Summoning              3
   e - Summon Lightning Spire         Summoning/Air                4
   f - Summon Ice Beast               Ice/Summoning                4
Comestibles
 b - a meat ration


   Skills:
 + Level 0.4 Fighting
 + Level 3.1 Dodging
 - Level 3.0 Stealth
 * Level 1.4 Unarmed Combat
 - Level 2.0 Spellcasting
 - Level 4.0 Summonings


You had 4 spell levels left.
You knew the following spells:

 Your Spells              Type           Power        Failure   Level  Hunger
a - Summon Small Mammal   Summ           ##..         4%          1    #......


Dungeon Overview and Level Annotations

Branches:
Dungeon (2/15)

Altars:
The Shining One


Innate Abilities, Weirdness & Mutations

You cannot wear armour.
You are incapable of wielding weapons or throwing items.
Your paws allow you to move quietly. (Stealth)
You have sharp claws.
You have razor-sharp teeth.
You have supernaturally acute eyesight. (SInv)
You are carnivorous and can eat meat at any time.
You cover ground quickly.
You are covered in fur. (AC +1)
You have a slow metabolism.
Your sharp claws are effective at attacking unaware monsters.


Message History

Found a hand axe.
The hobgoblin shouts!
You scratch the hobgoblin but do no damage.
The hobgoblin completely misses you.
You scratch the hobgoblin.
The hobgoblin is moderately wounded.
The hobgoblin misses you.
You barely miss the hobgoblin.
The hobgoblin is moderately wounded.
The hobgoblin hits you with a club.
You scratch the hobgoblin but do no damage.
The hobgoblin is moderately wounded.
The hobgoblin hits you with a club.
You barely miss the hobgoblin.
The hobgoblin is moderately wounded.
The hobgoblin hits you with a club.
* * * LOW HITPOINT WARNING * * *
You scratch the hobgoblin but do no damage.
The hobgoblin hits you with a club.
You die...

# #. #.######## #........#
#........### ###..........#
.....)g@.....#
###..........# #.#####....#
######## #. #....##
#....... #### #. #.....#
#.......
#....#.#####.....###.....†.
#....#............)........
#..........#####.#########.
.....................†.....


You could see a hobgoblin.

Vanquished Creatures
  A leopard gecko (D:1)
  2 goblins (D:1)
  4 hobgoblins
  A kobold (D:1)
  A bat (D:1)
  A frilled lizard (D:1)
  A rat (D:2)
11 creatures vanquished.

Vanquished Creatures (collateral kills)
  A gnoll (D:1)
  A goblin (D:1)
2 creatures vanquished.

Grand Total: 13 creatures vanquished

Notes
Turn   | Place    | Note
-------+----------+-------------------------------------------
     0 | D:1      | 4thArraOfDagon the Felid Summoner began the quest for the Orb.
     0 | D:1      | Reached XP level 1. HP: 7/7 MP: 4/4
    74 | D:1      | Found a glowing golden altar of the Shining One.
   105 | D:1      | Reached skill level 1 in Unarmed Combat
   139 | D:1      | Became a worshipper of the Shining One
   163 | D:1      | Reached XP level 2. HP: 4/11 MP: 1/6
   634 | D:1      | Slain by a hobgoblin

Vault maps used:
D:1:      minmay_arrival_loop, tso_metal_star
D:2:      overflow_temple_1_default, st_stairs_12, minivault_24, minivault_11,
          serial_park_tiny_2, hex_large

Skill      XL: |  1  2 |
---------------+-------+-----
Stealth        | 3 |  3.0
Unarmed Combat | 1 |  1.4
Dodging        | 3 |  3.1
Fighting       | |  0.4
Spellcasting   | |  2.0
Summonings     | |  4.0

Action                   || total
-------------------------++-------
Melee: Unarmed           ||    61
       Bite              ||     4
 Cast: Summon Small Mamm ||    10
  Eat: Chunk             ||     7
Armor: Skin              ||     4
Dodge: Dodged            ||    42
